 Dungeon Crawl Stone Soup version 0.25-b1-23-ge2ad7d536c (webtiles) character file.

Game seed: 12887639773517210365, levelgen mode: deterministic

164 Dirian the Chopper (level 5, 0/46 HPs)
             Began as a Draconian Fighter on June 2, 2020.
             Was a Follower of Fedhas.
             Slain by an orc wizard
             ... wielding a cursed +0 dagger
              (1 damage)
             ... on level 3 of the Dungeon.
             The game lasted 00:04:52 (2906 turns).

Dirian the Chopper (Draconian Fighter)              Turns: 2906, Time: 00:04:53

Health: 0/46       AC:  5    Str: 19    XL:     5   Next: 21%
Magic:  5/5        EV: 11    Int:  8    God:    Fedhas [*.....]
Gold:   123        SH:  0    Dex: 11    Spells: 4/4 levels left

rFire    . . .     SeeInvis .   a - +0 war axe
rCold    . . .     Gourm    .   b - +0 kite shield
rNeg     . . .     Faith    .   (armour unavailable)
rPois    .         Spirit   .   (helmet restricted)
rElec    .         Reflect  .   (no cloak)
rCorr    .         Harm     .   (no gloves)
MR       .....                  (no boots)
Stlth    +.........             (no amulet)
HPRegen  0.15/turn              (no ring)
MPRegen  0.09/turn              (no ring)

@: confused, mighty
A: unfitting armour, cold-blooded, AC +5
a: Renounce Religion


You were on level 3 of the Dungeon.
You worshipped Fedhas.
Fedhas was aware of your devotion.
You were not hungry.

You visited 1 branch of the dungeon, and saw 3 of its levels.

You collected 123 gold pieces.

Inventory:

Hand Weapons
 a - a +0 war axe (weapon)
Armour
 b - a +0 kite shield (worn)
Jewellery
 h - a +6 ring of intelligence {unknown}
 m - an uncursed ring of resist corrosion {unknown}
 u - an uncursed ring of magical power {unknown}
Scrolls
 f - a scroll of blinking {unknown}
 g - a scroll of random uselessness {unknown}
 j - 2 scrolls of remove curse {unknown}
 l - a scroll of identify {unknown}
 n - a scroll of amnesia {unknown}
 p - a scroll of immolation {unknown}
 q - a scroll of enchant weapon {unknown}
 t - a scroll of magic mapping {unknown}
Potions
 e - 2 potions of heal wounds {unknown}
 i - a potion of brilliance {unknown}
 k - a potion of degeneration {unknown}
 o - a potion of ambrosia {unknown}
 s - a potion of stabbing {unknown}
 v - 2 potions of curing {unknown}
Comestibles
 d - 5 rations


   Skills:
 + Level 3.7 Fighting
 * Level 4.1 Axes
 + Level 3.4 Dodging
 + Level 3.6 Shields


You had 4 spell levels left.
You didn't know any spells.
Your spell library was empty.

Dungeon Overview and Level Annotations

Branches:
Dungeon (3/15)

Altars:
Fedhas
Gozag
Yredelemnul

Annotations:
D:2 1 runed translucent door, Crazy Yiuf, Sigmund


Innate Abilities, Weirdness & Mutations

Your plain brown scales are hard. (AC +5)
You cannot fit into any form of body armour.
You are cold-blooded and may be slowed by cold attacks.


Message History

The orc wizard hits you but does no damage.
Something hits you.
* * * LOW HITPOINT WARNING * * *
The orc wizard casts a spell at you. The magic dart hits you.
* * * LOW HITPOINT WARNING * * *
The orc wizard casts a spell at you.
The puff of frost hits something!
Reactivating autopickup.
You feel a bit more experienced.
You barely miss the orc wizard.
The orc wizard is heavily wounded.
The orc wizard hits you with a cursed +0 dagger.
* * * LOW HITPOINT WARNING * * *
The orc wizard barely misses you.
You bump into the rock wall.
The adder barely misses you. The orc wizard barely misses you.
The adder misses you.
The orc wizard hits you with a cursed +0 dagger.
You die...
Fedhas appreciates your contribution to the ecosystem.

#......
#......
#......
####
#......
#...
#......
#.##
#....oo
#...
#....oo####
####
#)o..###
#.oo@..###
##.S.....##
##
####.....##
#.
###....##
#. ###...##
#. ##...###
#.
##....###
#.
##.....###.
##....)...


You could see an orc wizard (fast), an adder and 5 orcs.

Vanquished Creatures
  An orc wizard (D:3)
  Robin (D:2)
  3 adders (D:2)
  2 worms (D:2)
  A dart slug (D:1)
  2 leopard geckos
  2 orcs (D:3)
  3 giant cockroaches
  15 goblins
  10 hobgoblins
  4 jackals (D:3)
  A quokka (D:2)
  5 bats
  3 frilled lizards
  5 kobolds
  10 rats
68 creatures vanquished.

Vanquished Creatures (others)
  An orc wizard (D:3)
1 creature vanquished.

Grand Total: 69 creatures vanquished

Notes
Turn   | Place    | Note
-------+----------+-------------------------------------------
     0 | D:1      | Dirian the Draconian Fighter began the quest for the Orb.
     0 | D:1      | Reached XP level 1. HP: 19/19 MP: 1/1
   319 | D:1      | Reached XP level 2. HP: 19/26 MP: 2/2
   970 | D:2      | Reached XP level 3. HP: 24/31 MP: 3/3
  1255 | D:2      | Noticed Robin
  1280 | D:2      | Reached skill level 3 in Axes
  1283 | D:2      | Killed Robin
  1283 | D:2      | Reached XP level 4. HP: 16/38 MP: 4/4
  1639 | D:2      | Found a basalt altar of Yredelemnul.
  1642 | D:2      | Noticed Sigmund
  1842 | D:2      | Found a faded altar of an unknown god.
  2166 | D:2      | Found a runed translucent door.
  2167 | D:2      | Noticed Crazy Yiuf
  2396 | D:2      | Became a worshipper of Fedhas Madash
  2396 | D:2      | Reached * piety under Fedhas
  2545 | D:3      | Found an opulent altar of Gozag.
  2890 | D:3      | Reached skill level 4 in Axes
  2890 | D:3      | Reached XP level 5. HP: 46/46 MP: 5/5
  2904 | D:3      | HP: 1/46 [orc wizard/cursed +0 dagger (3)]
  2906 | D:3      | Slain by an orc wizard

Illustrated notes

Levels and vault maps discovered:
D:1:      dpeg_arrival_arbitrary_c, layout_rooms
D:2:      layout_loops_cross, chequers_ecumenical_altar_twisty,
          yredelemnul_altar_generic, uniq_robin, uniq_sigmund,
          uniq_crazy_yiuf_cottage
D:3:      layout_basic, nicolae_gozag_cash_rules_everything_around_me,
          serial_curves, eino_curves_01, eino_curves_03, eino_curves_01,
          eino_curves_04, nicolae_qazlal_eye_of_the_storm

Skill      XL: |  1  2  3  4 |
---------------+-------------+-----
Dodging        | 3 |  3.4
Axes           | 3 4 |  4.1
Fighting       | |  3.7
Shields        | |  3.6

Action                   |  1- 3 |  4- 6 || total
-------------------------+-------+-------++-------
Melee: War axe           |   151 |    90 ||   241
       Tailslap          |    12 |     4 ||    16
  Use: Potion            |     1 |     1 ||     2
  Eat: Chunk             |     1 |     6 ||     7
Armor: Skin              |    51 |    36 ||    87
Dodge: Dodged            |    76 |    40 ||   116
Block: Kite shield       |    97 |    42 ||   139
